 Dungeon Crawl Stone Soup version 0.27-a0-1071-ga85bd9520d (webtiles) character file.

Game seed: 14606047318515739810

1449 leviel the Chopper (level 8, -17/51 HPs)
             Began as a Gargoyle Fighter on Apr 25, 2021.
             Killed from afar by a wretched star (28 damage)
             ... with a lance of force
             ... on level 1 of the Abyss.
             The game lasted 00:07:16 (5313 turns).

leviel the Chopper (Gargoyle Fighter)               Turns: 5313, Time: 00:07:16

Health: -17/51     AC: 19    Str: 22      XL:     8   Next: 75%
Magic:  0/8        EV:  5    Int:  9      God:
Gold:   234        SH: 10    Dex:  8 (9)  Spells: 7/7 levels left

rFire    . . .     SeeInvis .   a - +0 war axe
rCold    . . .     Faith    .   c - +0 kite shield
rNeg     + . .     Spirit   .   f - +0 plate armour
rPois    ∞         Reflect  .   (no helmet)
rElec    +         Harm     .   (no cloak)
rCorr    .         Rampage  .   k - +0 pair of gloves
Will     .....                  (no boots)
Stlth    ..........             (no amulet)
HPRegen  0.17/turn              (no ring)
MPRegen  0.11/turn              (no ring)

@: no status effects
A: AC +5, negative energy resistance 1, electricity resistance, torment
resistance 1, unbreathing 1, petrification resistance, [deterioration 2]
a: no special abilities


You were on level 1 of the Abyss.
You visited 1 branch of the dungeon, and saw 5 of its levels.
You visited the Abyss 1 time.
You also visited: Ossuary.

You collected 234 gold pieces.

Inventory:

Hand Weapons
 a - a +0 war axe (weapon)
Armour
 b - a +0 scale mail
 c - a +0 kite shield (worn)
 f - a +0 plate armour (worn)
 k - a +0 pair of gloves (worn)
Jewellery
 e - a +4 ring of evasion
 y - a ring of ice
Wands
 x - a wand of flame (11)
Scrolls
 d - a scroll of fog {unknown}
 h - a scroll of enchant weapon {unknown}
 i - 2 scrolls of noise {unknown}
 j - 3 scrolls of identify {unknown}
 l - 2 scrolls of enchant armour {unknown}
 m - 3 scrolls of teleportation {unknown}
 r - a scroll of vulnerability {unknown}
 t - a scroll of magic mapping {unknown}
Potions
 g - 3 potions of brilliance {unknown}
 n - a potion of haste
 o - 5 potions of curing {unknown}
 p - 3 potions of attraction {unknown}
 q - a potion of flight
 s - a potion of invisibility {unknown}
 u - 3 potions of lignification {unknown}
 v - a potion of berserk rage {unknown}
 w - a potion of ambrosia {unknown}
 z - a potion of heal wounds {unknown}


   Skills:
 + Level 5.8 Fighting
 + Level 6.5 Axes
 - Level 5.4 Armour
 - Level 1.1 Dodging
 - Level 1.4 Stealth
 - Level 6.0 Shields


You had 7 spell levels left.
You didn't know any spells.
Your spell library contained the following spells:

 Spells                   Type           Power      Damage    Failure   Level
 Magic Dart               Conj           0%         1d3       100%        1
 Passwall                 Tmut/Erth      0%         N/A       100%        2
 Searing Ray              Conj           0%         3d3       100%        2
 Confusing Touch          Hex            0%         N/A       100%        3
 Dazzling Flash           Conj/Hex       0%         N/A       100%        3
 Gell's Gravitas          Tloc           0%         N/A       100%        3
 Swiftness                Air            0%         N/A       100%        3
 Fulminant Prism          Conj/Hex       0%         3d6       100%        4
 Iskenderun's Mystic Bla  Conj/Tloc      0%         2d3       100%        4
 Passage of Golubria      Tloc           N/A        N/A       100%        4
 Petrify                  Tmut/Erth      0%         N/A       100%        4
 Lee's Rapid Deconstruct  Erth           0%         3d5*      100%        5
 Metabolic Englaciation   Hex/Ice        0%         N/A       100%        5
 Yara's Violent Unravell  Hex/Tmut       0%         3d3       100%        5
 Invisibility             Hex            0%         N/A       100%        6


Dungeon Overview and Level Annotations

Branches:
Dungeon (5/15)            Ossuary (visited)
 Temple: D:4-7

Altars:
Dithmenos
Hepliaklqana
Okawaru
Uskayaw
Yredelemnul

Portals:
Abyss: D:5

Annotations:
D:5 1 transporter


Innate Abilities, Weirdness & Mutations

Your stone body is resilient. (AC +5)
You are immune to poison.
You resist negative energy. (rN+)
You are resistant to electric shocks. (rElec)
You are resistant to unholy torment.
You can survive without breathing.
You are immune to petrification.
[Your body often deteriorates upon taking damage.]


Message History

The mana viper hisses angrily.
You block the mana viper's attack. The mana viper bites you.
You feel your power leaking away. You block the mana viper's attack.
The mana viper barely misses you.
The mana viper bites you but does no damage.
You block the mana viper's attack.
A tentacled starspawn and a wretched star come into view.
Found a shiny coral ring.
Found a corrupted altar of Lugonu.
A green very ugly thing comes into view.
The green very ugly thing gurgles horribly!
You hear a bark!
A green very ugly thing comes into view.
You block the mana viper's attack.
A starcursed mass and a raiju come into view.
The green very ugly thing gurgles horribly!
The raiju barks!
You hear a bark!
A raiju comes into view.
The wretched star glows turbulently.
The lance of force hits you!!
Ouch! That really hurt!
You are knocked back by the lance of force.
A small abomination comes into view.
A green very ugly thing comes into view.
A starcursed mass splits.
A raiju comes into view.
The raiju barks!
You hear a shout!
The wretched star pulses with an eldritch light!
You feel yourself wasting away.
You feel your body start to fall apart.
A white imp comes into view.
The mana viper bites you!
* * * LOW HITPOINT WARNING * * *
Your body deteriorates!
You feel clumsy.
You feel your power leaking away.
Tentacles burst from the starspawn's body! 2 starspawn tentacles come into view.
The wretched star glows turbulently.
The lance of force hits you!!
Ouch! That really hurt!
You die...

# #..X. .# #
.. ..x. .#.#
.. 5#.hX .#.
.... .h..
..###...$
#.h#.#...#.#
..
###.u.......#
#..
#....u##..#
..##..###...#
## #..
#.S@##..# .#.#
##_...##
###.#####..*.#
#....#...#...#
#. ###.#.#X..#
#...# ###w.w=.
# .### #....
#..#.#. ##..
....##.#.# #


You could see 2 very ugly things, a tentacled starspawn, a wretched star, a mana
viper, 3 raiju, a small abomination, 2 starspawn tentacles and a white imp.

Vanquished Creatures
  Grinder (D:5)
  Sigmund (D:3)
  The ghost of zarzak the Skirmisher, an amateur DgFi (D:5)
  A steam dragon (D:4)
  2 scorpions (D:5)
  4 water moccasin zombies
  A small abomination (D:5)
  A howler monkey (D:5)
  A jelly (D:5)
  3 hounds (D:4)
  Terence (D:3)
  An iguana (D:5)
  An orc wizard (D:5)
  A hound skeleton (D:4)
  2 mummies (Ossuary)
  4 gnolls (D:4)
  An adder (D:2)
  A white imp (D:5)
  2 adder zombies (Ossuary)
  A worm (D:4)
  A dart slug (D:2)
  7 orcs
  9 ball pythons
  8 endoplasms
  A giant cockroach (D:2)
  7 goblins
  6 hobgoblins
  2 jackals (D:1)
  4 quokkas
  4 bats
  2 frilled lizards (D:2)
  7 gnoll zombies (Ossuary)
  4 hobgoblin zombies (Ossuary)
  7 kobolds
  2 kobold zombies (Ossuary)
  7 orc zombies (Ossuary)
  3 rats
112 creatures vanquished.

Vanquished Creatures (others)
  A goblin (D:4)
1 creature vanquished.

Grand Total: 113 creatures vanquished

Notes
Turn   | Place    | Note
-------+----------+-------------------------------------------
     0 | D:1      | leviel the Gargoyle Fighter began the quest for the Orb.
     0 | D:1      | Reached XP level 1. HP: 14/14 MP: 1/1
   251 | D:1      | Reached XP level 2. HP: 19/19 MP: 2/2
   526 | D:1      | Reached XP level 3. HP: 23/23 MP: 3/3
  1675 | D:2      | Reached XP level 4. HP: 12/28 MP: 4/4
  2028 | D:3      | Noticed Terence
  2029 | D:3      | Noticed Sigmund
  2055 | D:3      | Killed Terence
  2057 | D:3      | Killed Sigmund
  2058 | D:3      | Reached XP level 5. HP: 10/33 MP: 5/5
  2058 | D:3      | Reached XP level 6. HP: 11/38 MP: 6/6
  2350 | D:3      | Found a hide-covered altar of Uskayaw.
  2350 | D:3      | Found an iron altar of Okawaru.
  2380 | D:3      | Found a basalt altar of Yredelemnul.
  2445 | D:3      | Found a shadowy altar of Dithmenos.
  2445 | D:3      | Found a hazy altar of Hepliaklqana.
  2681 | D:4      | Reached skill level 1 in Stealth
  2693 | D:4      | Noticed a steam dragon
  2707 | D:4      | Killed a steam dragon
  2915 | D:4      | Reached XP level 7. HP: 30/44 MP: 7/7
  3226 | D:4      | Reached skill level 1 in Dodging
  3254 | D:4      | Reached skill level 5 in Shields
  3601 | D:5      | Entered Level 5 of the Dungeon
  3660 | D:5      | Found a transporter.
  3667 | D:5      | Found a transporter.
  3696 | D:5      | Found a sand-covered staircase.
  3738 | Ossuary  | Entered an ossuary
  4060 | Ossuary  | Reached skill level 5 in Axes
  4060 | Ossuary  | Reached skill level 5 in Armour
  4167 | Ossuary  | Reached XP level 8. HP: 17/48 MP: 8/8
  4729 | D:5      | Noticed Grinder
  4742 | D:5      | Paralysed by Grinder for 4 turns
  4746 | D:5      | Killed Grinder
  4747 | D:5      | Reached skill level 5 in Fighting
  5007 | D:5      | Found a one-way gate to the infinite horrors of the Abyss.
  5007 | D:5      | Noticed zarzak's ghost (amateur DgFi)
  5040 | D:5      | Killed zarzak's ghost
  5045 | D:5      | Cast into level 1 of the Abyss (kobold brigand)
  5296 | Abyss:1  | Noticed a mana viper
  5309 | Abyss:1  | Found a corrupted altar of Lugonu.
  5309 | Abyss:1  | Noticed a tentacled starspawn
  5309 | Abyss:1  | Noticed a wretched star
  5310 | Abyss:1  | Noticed a green very ugly thing
  5310 | Abyss:1  | Noticed a green very ugly thing
  5311 | Abyss:1  | Noticed a starcursed mass
  5311 | Abyss:1  | Noticed a raiju
  5311 | Abyss:1  | Noticed a raiju
  5311 | Abyss:1  | Noticed a green very ugly thing
  5311 | Abyss:1  | Noticed a raiju
  5313 | Abyss:1  | Killed from afar by a wretched star

Illustrated notes

Levels and vault maps discovered:
D:1:      lemuel_arrival_hallway, layout_rooms, minmay_split_cup_small
D:2:      minmay_door_path, layout_loops_ring, minmay_octomino_e4
D:3:      layout_rooms, gammafunk_temple_overflow_forgotten,
          amethyst_overflow_temple_binary, uniq_terence, uniq_sigmund
D:4:      layout_loops_cross
D:5:      layout_gridville, gammafunk_ghost_abyssal_escape,
          lightli_ossuary_entry_decrepit_ruins, uniq_grinder
Abyss:1:  base:
D:4

Skill      XL: |  1  2  3  4  5  6  7  8 |
---------------+-------------------------+-----
Axes           | 2 3 4 5 6 |  6.5
Shields        | 4 5 6 |  6.0
Armour         | 4 5 |  5.4
Stealth        | 1 |  1.4
Fighting       | 4 5 |  5.8
Dodging        | 1 |  1.1

Action                   |  1- 3 |  4- 6 |  7- 9 || total
-------------------------+-------+-------+-------++-------
Melee: War axe           |   137 |    58 |   257 ||   452
  Use: Potion            |       |     3 |     3 ||     6
Armor: Scale mail        |    17 |       |       ||    17
       Plate armour      |    88 |    58 |   178 ||   324
Dodge: Dodged            |    32 |    15 |    38 ||    85
Block: Kite shield       |    92 |    40 |   132 ||   264

Table legend: (Time is in decaauts)
 A = Elapsed time spent in this place.
 B = Non-inter-level travel time spent in this place.
 C = Inter-level travel time spent in this place.
 D = Time resting spent in this place.
 E = Time spent auto-exploring this place.
 F = Levels seen in this place.
 G = Mean time per level.
                   A        B        C        D        E       F      G
               +--------+--------+--------+--------+--------+-----+--------+
         Total |   5476 |   5304 |    172 |   1291 |   3027 |   7 |  782.3 |
       Dungeon |   4522 |   4350 |    172 |    673 |   2892 |   5 |  904.4 |
         Abyss |    259 |    259 |      0 |    242 |      0 |   1 |  259.0 |
       Ossuary |    694 |    694 |      0 |    376 |    135 |   1 |  694.0 |
               +--------+--------+--------+--------+--------+-----+--------+

Top non-repeatable levels by time:
     D:2: 1338 daAuts
     D:4: 956 daAuts
     D:5: 819 daAuts
     D:3: 723 daAuts
 Ossuary: 694 daAuts
     D:1: 684 daAuts
 Abyss:1: 259 daAuts
